 Dungeon Crawl Stone Soup version 0.23.2-40-g277498a (webtiles) character file.

Game seed: 11630269359783363560

451 Fang the Skirmisher (level 7, -1/66 HPs)
             Began as a Gargoyle Berserker on Sept 9, 2019.
             Was a Priest of Trog.
             Killed from afar by an orc wizard (2 damage)
             ... with a puff of flame
             ... on level 5 of the Dungeon.
             The game lasted 00:03:44 (3088 turns).

Fang the Skirmisher (Gargoyle Berserker)            Turns: 3088, Time: 00:03:44

Health: -1/66      AC:  7    Str: 28    XL:     7   Next: 4%
Magic:  7/7        EV: 13    Int:  7    God:    Trog [***...]
Gold:   203        SH:  0    Dex:  9    Spells: 6/6 levels left

rFire    . . .     SeeInvis .   a - +1 hand axe
rCold    . . .     Gourm    .   (no shield)
rNeg     + . .     Faith    .   b - +0 animal skin
rPois    ∞         Spirit   .   (no helmet)
rElec    +         Reflect  .   (no cloak)
rCorr    .         Harm     .   (no gloves)
MR       .....                  (no boots)
Stlth    ..........             (no amulet)
HPRegen  0.21/turn              (no ring)
MPRegen  0.10/turn              (no ring)

@: berserking (expiring), very quick
A: negative energy resistance 1, electricity resistance, unbreathing,
petrification resistance, rot immunity, AC +4
a: Berserk, Trog's Hand, Renounce Religion


You were on level 5 of the Dungeon.
You worshipped Trog.
Trog was most pleased with you.
You were hungry.

You visited 1 branch of the dungeon, and saw 5 of its levels.

You collected 203 gold pieces.

Inventory:

Hand Weapons
 a - a +1 hand axe (weapon)
Armour
 b - a +0 animal skin (worn)
Scrolls
 d - a scroll of random uselessness {unknown}
 f - 2 scrolls of identify
 g - a scroll of fear {unknown}
 j - a scroll of magic mapping {unknown}
 n - a scroll of remove curse
Potions
 e - 3 potions of curing {unknown}
 h - 8 potions of heal wounds {unknown}
 i - 2 potions of cancellation {unknown}
 k - a potion of berserk rage {unknown}
 l - a potion of lignification {unknown}
 o - 2 potions of magic {unknown}
 q - a potion of brilliance {unknown}
 s - a potion of haste {unknown}
 t - a potion of ambrosia {unknown}
 w - a potion of agility {unknown}
Comestibles
 c - 11 rations
 m - 5 chunks of flesh


   Skills:
 + Level 5.1 Fighting
 + Level 4.2 Axes
 + Level 4.3 Armour
 + Level 3.2 Dodging


You had 6 spell levels left.
You didn't know any spells.
Your spell library was empty.

Dungeon Overview and Level Annotations

Branches:
Dungeon (5/15)
 Temple: D:4-7

Altars:
Dithmenos
Kikubaaqudgha
Okawaru
Trog
Xom
Yredelemnul
Zin


Innate Abilities, Weirdness & Mutations

You are resistant to torment.
Your stone body is resilient. (AC +4)
You are immune to poison.
You resist negative energy. (rN+)
You are resistant to electric shocks. (rElec)
You can survive without breathing.
You are immune to petrification.
You are immune to rotting.


Message History

You slash the centaur!
You kill the centaur!
Trog accepts your kill.
Your Fighting skill increases to level 5!
You have reached level 7!
You barely miss the orc wizard. You hit the orc.
The orc wizard casts a spell at you. The magic dart hits you.
* * * LOW HITPOINT WARNING * * *
You slash the orc wizard!
The orc wizard is severely wounded.
You slash the orc!
You kill the orc!
Trog accepts your kill.
The orc wizard hits you but does no damage.
You miss the orc wizard.
The orc wizard is severely wounded.
The orc wizard gestures at you while chanting.
The puff of flame hits you.
You die...

#### .... #.......#
###.### #.......
##.....##.# ###......#
#.......#.# #......#.# #
#.......#.###.#.#.....%
...._.......#.#.#..#.#
#.......#.#.#.#.)o...#.#
#.......#.(..(.(@.......
##..)..##.(.#.#.)#.#.#.#
####.####.#.#...## ..
............###..# ...
####.......## #.#.. ###
#.#.###.# #.....
####.#..##.# ###...
#..)....##.# ...#
#(##.......#


You could see an orc wizard.

Vanquished Creatures
  An ogre (D:4)
  2 centaurs (D:5)
  2 bullfrog skeletons
  4 adders
  An adder skeleton (D:4)
  A worm (D:3)
  4 dart slugs
  A leopard gecko (D:3)
  11 orcs
  6 giant cockroaches
  9 goblins
  8 hobgoblins
  11 jackals
  3 quokkas
  8 bats
  A frilled lizard (D:1)
  8 kobolds
  12 rats
93 creatures vanquished.

Notes
Turn   | Place    | Note
-------+----------+-------------------------------------------
     0 | D:1      | Fang the Gargoyle Berserker began the quest for the Orb.
     0 | D:1      | Reached XP level 1. HP: 14/14 MP: 1/1
   288 | D:1      | Reached XP level 2. HP: 13/19 MP: 2/2
   585 | D:1      | Reached ** piety under Trog
   685 | D:1      | Reached XP level 3. HP: 23/24 MP: 3/3
  1138 | D:2      | Found a basalt altar of Yredelemnul.
  1260 | D:2      | Found an ancient bone altar of Kikubaaqudgha.
  1506 | D:2      | Reached XP level 4. HP: 27/29 MP: 4/4
  1610 | D:2      | Reached skill level 4 in Fighting
  1648 | D:3      | Found a shimmering altar of Xom.
  1725 | D:3      | Reached *** piety under Trog
  1785 | D:3      | Found a bloodstained altar of Trog.
  2267 | D:3      | Reached XP level 5. HP: 33/33 MP: 5/5
  2481 | D:4      | Noticed an ogre
  2490 | D:4      | Killed an ogre
  2490 | D:4      | Reached XP level 6. HP: 10/39 MP: 6/6
  2913 | D:4      | Found a shadowy altar of Dithmenos.
  2972 | D:4      | Found a glowing silver altar of Zin.
  3013 | D:5      | Entered Level 5 of the Dungeon
  3036 | D:5      | Found an iron altar of Okawaru.
  3086 | D:5      | Reached skill level 5 in Fighting
  3086 | D:5      | Reached XP level 7. HP: 7/44 MP: 7/7
  3086 | D:5      | HP: 1/66 [orc wizard/magic dart (6)]
  3088 | D:5      | Killed from afar by an orc wizard

Skill      XL: |  1  2  3  4  5  6 |
---------------+-------------------+-----
Axes           | 3 4 |  4.2
Dodging        | 2 3 |  3.2
Armour         | 3 4 |  4.3
Fighting       | 4 5 |  5.1

Action                   |  1- 3 |  4- 6 |  7- 9 || total
-------------------------+-------+-------+-------++-------
Melee: Hand axe          |   144 |   156 |     2 ||   302
Invok: Berserk           |       |     2 |       ||     2
  Use: Scroll            |       |     7 |       ||     7
 Stab: Sleeping          |       |     2 |       ||     2
  Eat: Chunk             |     2 |     6 |       ||     8
Armor: Animal skin       |    77 |    52 |       ||   129
Dodge: Dodged            |   112 |   143 |       ||   255
